 Dungeon Crawl Stone Soup version 0.30.0-29-ga12c61a403 (webtiles) character file.

Game seed: 13910668842191143836

35 Fecro the Sneak (level 3, -3/18 HPs)
             Began as a Spriggan Brigand on June 14, 2023.
             Killed from afar by an orc wizard (5 damage)
             ... with a magic dart
             ... on level 2 of the Dungeon.
             The game lasted 00:05:15 (1330 turns).

Fecro the Sneak (Spriggan Brigand)                  Turns: 1330, Time: 00:05:16

Health: -3/18      AC:  3    Str:  7    XL:     3   Next: 17%
Magic:  5/5        EV: 16    Int: 12    God:
Gold:   119        SH:  0    Dex: 18    Spells: 4/4 levels left

rFire   . . .        a - +2 dagger
rCold   . . .        (no shield)
rNeg    . . .        b - +0 robe
rPois   .            (helmet restricted)
rElec   .            c - +0 cloak
rCorr   .            (gloves unavailable)
SInv    +            (boots unavailable)
Will    .....        (no amulet)
Stlth   ++++         (no ring)
HPRegen 0.23/turn    (no ring)
MPRegen 0.09/turn

%: no passive effects
@: very quick
A: very small, no large weapons, unfitting armour, see invisible, speed 3
a: no special abilities


You were on level 2 of the Dungeon.
You visited 1 branch of the dungeon, and saw 2 of its levels.

You collected 119 gold pieces.

Inventory:

Hand Weapons
 a - a +2 dagger (weapon)
Missiles
 d - 8 poisoned darts (quivered)
Armour
 b - a +0 robe (worn)
 c - a +0 cloak (worn)
Wands
 o - a wand of polymorph (8)
Scrolls
 g - a scroll of blinking {unknown}
 j - a scroll of magic mapping {unknown}
 k - 2 scrolls of identify {unknown}
 l - 2 scrolls of teleportation {unknown}
 p - 3 scrolls of butterflies {unknown}
Potions
 f - 2 potions of curing {unknown}
 h - 3 potions of brilliance {unknown}
 i - a potion of resistance {unknown}
 m - a potion of lignification {unknown}
 n - a potion of berserk rage {unknown}


   Skills:
 + Level 1.5 Fighting
 + Level 2.5 Short Blades
 + Level 2.0 Throwing
 + Level 1.5 Dodging
 * Level 7.0 Stealth
 * Level 1.1 Spellcasting


You had 4 spell levels left.
You didn't know any spells.
Your spell library contained the following spells:

 Spells                   Type           Power      Damage    Failure   Level
 Scorch                   Fire           0%         2d5       41%         2
 Dazzling Flash           Conj/Hex       0%         N/A       65%         3
 Gell's Gravitas          Tloc           0%         N/A       65%         3
 Teleport Other           Tloc           0%         N/A       65%         3
 Volatile Blastmotes      Fire/Tloc      0%         2d10      65%         3
 Flame Wave               Conj/Fire      0%         2d4       96%         4
 Iskenderun's Mystic Bla  Conj/Tloc      0%         2d3       96%         4
 Conjure Ball Lightning   Conj/Air       0%         3x3d6     100%        6
 Dispersal                Tloc           0%         N/A       100%        6
 Starburst                Conj/Fire      0%         6d3       100%        6
 Summon Cactus Giant      Summ           0%         N/A       100%        6
 Discord                  Hex            0%         N/A       100%        8
 Disjunction              Tloc           0%         N/A       100%        8


Dungeon Overview and Level Annotations

Branches:
Dungeon (2/15)

Altars:


Innate Abilities, Weirdness & Mutations

You are very small and have problems with some larger weapons.
You are too small for most types of armour.
You have supernaturally acute eyesight. (SInv)
You cover ground extremely quickly. (Speed+++)


Message History

The orc wizard hits you but does no damage.
You bump into the rock wall.
You bump into the rock wall.
The orc wizard misses you.
There is an open door, spattered with blood here.
Items here: )) [[ ÷÷ †.
You bump into the rock wall.
You feel less confused.
The orc wizard hits you with a +0 dagger.
Throw: 3 darts (curare)
Press: ? - help, Q - select action, (/) - cycle Shift-Dir - straight line, f - orc wizard
Aim: an orc wizard, wielding a +0 dagger and wearing a +0 robe (lightly wounded, slightly transparent, 55% to hit)
You throw a curare-tipped dart.
The curare-tipped dart closely misses the orc wizard.
The orc wizard barely misses you.
Throw: 2 darts (curare)
Press: ? - help, Q - select action, (/) - cycle Shift-Dir - straight line, f/p - orc wizard
Aim: an orc wizard, wielding a +0 dagger and wearing a +0 robe (slightly transparent, 55% to hit)
You throw a curare-tipped dart.
The curare-tipped dart barely misses the orc wizard.
The orc wizard closely misses you.
Throw: dart (curare)
Press: ? - help, Q - select action, (/) - cycle Shift-Dir - straight line, f/p - orc wizard
Aim: an orc wizard, wielding a +0 dagger and wearing a +0 robe (slightly transparent, 55% to hit)
You throw a curare-tipped dart.
The curare-tipped dart hits the orc wizard.
The orc wizard is poisoned.
The orc wizard convulses.
The orc wizard seems to slow down.
The orc wizard is severely wounded.
The orc wizard points at you and mumbles some strange words.
The magic dart hits you!
Ouch! That really hurt!
* * * LOW HITPOINT WARNING * * *
Throw: 9 darts (poison)
Press: ? - help, Q - select action, (/) - cycle Shift-Dir - straight line, f/p - orc wizard
Aim: an orc wizard, wielding a +0 dagger and wearing a +0 robe (almost dead, slightly transparent, very poisoned, slow, 55% to hit)
You throw a poisoned dart.
The poisoned dart closely misses the orc wizard.
The orc wizard gestures at you while chanting.
The magic dart hits you.
You die...

..'........#h# #..#.........#
###........#.## #.#####......#
#........#..##.... #......#
#........#...#.... #.....÷#
#........#+#'..... #......#
#............#.... #..)...#
######.......#.... #......###
#.......#########.........
#######........@..##............
..................o......(......
..................##...######.##
..................##...#### #.##
..................##...'..###.#.
...............(..##...##..##.#.
..................##...###....#.
..................##...# ####>..
......)...........##...# ####


You could see an orc wizard (invisible, very poisoned, slow).

Vanquished Creatures
  An adder (D:2)
  A dart slug (D:2)
  3 orcs (D:2)
  3 ball pythons
  A giant cockroach (D:2)
  4 jackals (D:2)
  2 bats
  A frilled lizard (D:1)
  2 goblins
  3 kobolds
  A rat (D:1)
22 creatures vanquished.

Notes
Turn   | Place    | Note
-------+----------+-------------------------------------------
     0 | D:1      | Fecro the Spriggan Brigand began the quest for the Orb.
     0 | D:1      | Reached XP level 1. HP: 10/10 MP: 2/2
   413 | D:1      | Reached skill level 6 in Stealth
   929 | D:2      | Reached XP level 2. HP: 14/14 MP: 2/4
  1051 | D:2      | Reached skill level 1 in Spellcasting
  1202 | D:2      | Reached XP level 3. HP: 18/18 MP: 5/5
  1290 | D:2      | Reached skill level 7 in Stealth
  1330 | D:2      | Killed from afar by an orc wizard

Illustrated notes

Levels and vault maps discovered:
D:1:      heliophobic_arrival_enchanted_forest, layout_loops_corners
D:2:      layout_basic, dreamdust_princess_bridge, minmay_crystal_room,
          kennysheep_nub

Skill      XL: |  1  2  3 |
---------------+----------+-----
Stealth        | 6 7 |  7.0
Spellcasting   | 1 |  1.1
Fighting       | |  1.5
Short Blades   | |  2.5
Throwing       | |  2.0
Dodging        | |  1.5

Action                     || total
---------------------------++-------
  Melee: Dagger            ||    78
         Punch             ||     1
  Throw: Dart              ||     4
   Stab: Sleeping          ||    10
 Armour: Robe              ||    10
  Dodge: Dodged            ||    46
